 Dungeon Crawl Stone Soup version 0.26-a0-30-g56b8cd3df0 (webtiles) character file.

Game seed: 8652720366044849896, levelgen mode: deterministic

43486 FrogZ the Severer (level 13, -9/86 HPs)
             Began as a Demonspawn Berserker on May 31, 2020.
             Was the Champion of Trog.
             Mangled by a manticore (14 damage)
             ... on level 14 of the Dungeon.
             The game lasted 00:49:54 (15228 turns).

FrogZ the Severer (Demonspawn Berserker)           Turns: 15228, Time: 00:49:57

Health: -9/86      AC: 15    Str: 23      XL:     13   Next: 91%
Magic:  13/13      EV: 10    Int:  7 (8)  God:    Trog [******]
Gold:   754        SH:  0    Dex: 12 (13) Spells: 12/12 levels left

rFire    . . .     SeeInvis +   D - +4 broad axe (drain)
rCold    + . .     Gourm    .   (no shield)
rNeg     . . .     Faith    .   i - +5 scale mail
rPois    .         Spirit   .   a - +0 helmet
rElec    .         Reflect  .   (no cloak)
rCorr    +         Harm     .   (no gloves)
MR       .....                  (boots unavailable)
Stlth    ..........             C - amulet of regeneration
HPRegen  0.64/turn              B - ring of see invisible
MPRegen  0.13/turn              F - ring of resist corrosion

@: berserk cooldown, slowed, very slow
A: talons 3, thin metallic scales 2, cold resistance 1, deterioration 1, spiny
1, rot immunity
a: Berserk, Trog's Hand, Brothers in Arms, Renounce Religion


You were on level 14 of the Dungeon.
You worshipped Trog.
Trog was exalted by your worship.
You were hungry.

You visited 1 branch of the dungeon, and saw 14 of its levels.

You collected 1100 gold pieces.
You spent 346 gold pieces at shops.

Inventory:

Hand Weapons
 D - a +4 broad axe of draining (weapon)
 E - a +3 vorpal battleaxe
 H - the +8 broad axe "Zenuen" {venom, rPois}
   (You took it off an orc on level 9 of the Dungeon)

   It poisons the flesh of those it strikes.
   It protects you from poison.
Armour
 a - a +0 helmet (worn)
 i - a +5 scale mail (worn)
Jewellery
 d - an uncursed amulet of guardian spirit {unknown}
 p - an uncursed amulet of guardian spirit {unknown}
 y - a +6 ring of dexterity
 B - a ring of see invisible (left hand)
 C - an amulet of regeneration (around neck)
 F - a ring of resist corrosion (right hand)
Wands
 m - a wand of random effects (22)
 G - a wand of acid (10)
 I - a wand of iceblast (7)
Scrolls
 f - 7 scrolls of remove curse
 h - 3 scrolls of teleportation
 k - a scroll of blinking
 r - a scroll of magic mapping
 s - 2 scrolls of fog
 w - a scroll of vulnerability {unknown}
 A - 2 scrolls of immolation
 K - a scroll of acquirement {unknown}
Potions
 b - 3 potions of lignification {unknown}
 e - 3 potions of might {unknown}
 j - 2 potions of berserk rage {unknown}
 l - 10 potions of curing
 n - 3 potions of heal wounds
 o - 2 potions of ambrosia {unknown}
 q - 2 potions of magic {unknown}
 t - 2 potions of invisibility
 v - a potion of stabbing {unknown}
 x - 3 potions of haste
 z - a potion of cancellation {unknown}
 J - 2 potions of resistance {unknown}
Comestibles
 c - 29 rations
 g - 2 chunks of flesh


   Skills:
 - Level 3.0 Fighting
 + Level 20.4 Axes
 - Level 1.7 Armour
 - Level 1.7 Dodging


You had 12 spell levels left.
You didn't know any spells.
Your spell library was empty.

Dungeon Overview and Level Annotations

Branches:
Dungeon (14/15)            Temple (0/1) D:6            Lair (0/6) D:9
    Orc (0/2) D:9          Vaults (0/5) D:13

Altars:
Elyvilon
Fedhas
Hepliaklqana
Vehumet
Xom
The Shining One

Shops:
D:4 !   D:10 *   D:11 !   D:12 **(*

Annotations:
D:8 1 runed translucent door, PIKKUHERKKO's ghost, novice DsGl
D:14 2 runed translucent doors


Innate Abilities, Weirdness & Mutations

You have claws for feet.
You are mostly covered in thin metallic scales. (AC +3)
You are partially covered in sharp spines.
You are immune to rotting.
Your flesh is cold resistant. (rC+)
Your body sometimes deteriorates upon taking damage.


Message History

You hit the skeletal warrior but do no damage.
You claw the skeletal warrior!
The skeletal warrior is moderately damaged.
The skeletal warrior hits you but does no damage.
You slash the skeletal warrior!
You claw the skeletal warrior, but do no damage.
The skeletal warrior is heavily damaged.
You barely miss the skeletal warrior. You claw the skeletal warrior.
The skeletal warrior is severely damaged.
You are no longer berserk.
You are exhausted.
You feel yourself slow down.
You closely miss the skeletal warrior.
The skeletal warrior is severely damaged.
The skeletal warrior hits you with a +0 hand axe!
* * * LOW HITPOINT WARNING * * *
Your body deteriorates!
You feel clumsy.
A manticore comes into view.
The manticore bites you!
You die...

###################
.........##....#.z#
#......##....#.#@#
.....##.....##..#H#
....#....##....##.#
..#....##.####...#.
.....##...#H.#..#
#.
.#.#......+C.+.#..
## ..
.......##.#..#####
#.. #.#.#....######
#.# .............
#.#


You could see a skeletal warrior and a manticore.

Vanquished Creatures
  Jorgrun (D:14)
  Frances (D:14)
  Josephine (D:13)
  3 vault guards (D:13)
  A hydra (D:13)
  3 centaur warriors
  A catoblepas (D:14)
  9 two-headed ogres
  An ogre mage (D:12)
  Urug (D:13)
  An unseen horror (D:13)
  A wizard (D:13)
  A necromancer (D:13)
  An ugly thing (D:11)
  3 cyclopes
  A manticore (D:13)
  3 centaur zombies
  2 gargoyles
  Maggie (D:9)
  A tengu conjurer (D:9)
  A queen bee (D:10)
  2 trolls (D:14)
  4 hornets
  3 slime creatures (D:12)
  A hippogriff (D:12)
  Sigmund (D:2)
  A spriggan (D:8)
  A shadow (D:13)
  A centaur simulacrum (D:14)
  A vampire (D:12)
  4 wyverns
  4 wraiths (D:13)
  31 yaks
  A basilisk (D:9)
  19 humans (D:13)
  2 hungry ghosts (D:9)
  5 vampire mosquitoes (D:13)
  A water moccasin (D:7)
  4 soldier ants
  A swamp drake (D:9)
  5 orc warriors
  3 ice beasts
  A hornet zombie (D:9)
  2 sky beasts
  2 black bears
  3 phantoms
  An eye of draining (D:10)
  9 ogres
  A boggart (D:14)
  15 centaurs
  3 big kobolds
  8 bullfrogs
  A wyvern zombie (D:12)
  A gnoll sergeant (D:7)
  3 scorpions
  2 wyvern skeletons
  37 killer bees
  2 howler monkeys
  7 wights (D:8)
  2 bullfrog zombies (D:9)
  9 crimson imps
  Crazy Yiuf (D:2)
  3 centaur skeletons
  10 hounds
  A jelly (D:8)
  18 orc wizards
  5 orc priests
  4 bullfrog skeletons
  Terence (D:2)
  3 iguanas
  Natasha (thrice) (D:3)
  5 worker ants
  A hound zombie (D:6)
  A hound skeleton (D:11)
  A howler monkey skeleton (D:4)
  8 gnolls
  10 adders
  2 oozes
  2 adder skeletons
  2 worms
  A dart slug (D:3)
  6 leopard geckos
  44 orcs
  5 giant cockroaches
  11 goblins
  5 hobgoblins
  9 jackals
  5 quokkas
  2 ball pythons
  9 bats
  5 frilled lizards
  14 kobolds
  8 rats
447 creatures vanquished.

Notes
Turn   | Place    | Note
-------+----------+-------------------------------------------
     0 | D:1      | FrogZ the Demonspawn Berserker began the quest for the Orb.
     0 | D:1      | Reached XP level 1. HP: 18/18 MP: 1/1
   244 | D:1      | Reached skill level 3 in Axes
   365 | D:1      | Gained mutation: You are immune to rotting. [demonic
                  | ancestry]
   365 | D:1      | Reached XP level 2. HP: 15/24 MP: 2/2
   967 | D:1      | Reached XP level 3. HP: 27/29 MP: 3/3
  1295 | D:2      | Reached ** piety under Trog
  1297 | D:2      | Reached skill level 4 in Axes
  1473 | D:2      | Noticed Terence
  1490 | D:2      | Killed Terence
  1490 | D:2      | Reached XP level 4. HP: 7/35 MP: 4/4
  1832 | D:2      | Noticed Sigmund
  1848 | D:2      | Killed Sigmund
  1848 | D:2      | Reached skill level 5 in Axes
  1848 | D:2      | Gained mutation: You are partially covered in sharp spines.
                  | [demonic ancestry]
  1848 | D:2      | Reached XP level 5. HP: 36/41 MP: 5/5
  2196 | D:2      | Reached skill level 6 in Axes
  2257 | D:2      | Found a runed translucent door.
  2258 | D:2      | Noticed Crazy Yiuf
  2265 | D:2      | Killed Crazy Yiuf
  2648 | D:2      | Gained mutation: You are partially covered in thin metallic
                  | scales. (AC +2) [demonic ancestry]
  2648 | D:2      | Reached XP level 6. HP: 43/47 MP: 6/6
  2781 | D:2      | Found a faded altar of an unknown god.
  3095 | D:3      | Found a white marble altar of Elyvilon.
  3306 | D:3      | Noticed Natasha
  3316 | D:3      | Killed Natasha
  3319 | D:3      | Noticed Natasha
  3327 | D:3      | Killed Natasha
  3625 | D:3      | Noticed Natasha
  3636 | D:3      | Killed Natasha
  3636 | D:3      | Reached skill level 7 in Axes
  4015 | D:4      | Reached *** piety under Trog
  4028 | D:4      | Reached XP level 7. HP: 52/52 MP: 7/7
  4299 | D:4      | Found Qoxeitam's Distillery.
  4307 | D:4      | Reached skill level 8 in Axes
  4408 | D:4      | Bought a potion of curing for 36 gold pieces
  4654 | D:5      | Entered Level 5 of the Dungeon
  4654 | D:5      | Found a hazy altar of Hepliaklqana.
  5180 | D:5      | Reached skill level 9 in Axes
  5180 | D:5      | Gained mutation: You have sharp toenails. [demonic
                  | ancestry]
  5180 | D:5      | Reached XP level 8. HP: 51/58 MP: 8/8
  5295 | D:5      | Reached **** piety under Trog
  6052 | D:6      | Found a staircase to the Ecumenical Temple.
  6086 | D:6      | Reached skill level 10 in Axes
  6874 | D:7      | Found a blossoming altar of Fedhas.
  7065 | D:7      | Reached skill level 11 in Axes
  7399 | D:8      | Reached XP level 9. HP: 63/63 MP: 9/9
  7559 | D:8      | Found a glowing golden altar of the Shining One.
  7618 | D:8      | Reached skill level 12 in Axes
  7958 | D:8      | Found a runed translucent door.
  7969 | D:8      | Found a shimmering altar of Xom.
  7969 | D:8      | Noticed PIKKUHERKKO's ghost (novice DsGl)
  7969 | D:8      | Noticed a +1 dagger of chaos
  8626 | D:9      | Found a staircase to the Lair.
  8673 | D:9      | Noticed Maggie
  8688 | D:9      | Killed Maggie
  8688 | D:9      | Reached skill level 13 in Axes
  8688 | D:9      | Reached XP level 10. HP: 58/70 MP: 10/10
  9149 | D:9      | Noticed a two-headed ogre
  9153 | D:9      | Killed a two-headed ogre
  9153 | D:9      | Reached skill level 14 in Axes
  9185 | D:9      | Identified the +8 broad axe "Zenuen" {venom, rPois}
  9220 | D:9      | Reached ***** piety under Trog
  9584 | D:9      | Found a staircase to the Orcish Mines.
  9767 | D:10     | Entered Level 10 of the Dungeon
  9840 | D:10     | Reached skill level 15 in Axes
  9842 | D:10     | Gained mutation: You are mostly covered in thin metallic
                  | scales. (AC +3) [demonic ancestry]
  9842 | D:10     | Reached XP level 11. HP: 75/75 MP: 11/11
 10100 | D:10     | Found Ziywn's Assorted Antiques.
 10120 | D:10     | Received a gift from Trog
 10732 | D:11     | Found Naplouv's Distillery.
 10736 | D:11     | Bought a potion of mutation for 120 gold pieces
 10736 | D:11     | Gained mutation: Your body sometimes deteriorates upon
                  | taking damage. [potion of mutation]
 10736 | D:11     | Gained mutation: Your flesh is cold resistant. (rC+)
                  | [potion of mutation]
 10876 | D:11     | Noticed a centaur warrior
 10884 | D:11     | Killed a centaur warrior
 10884 | D:11     | Reached skill level 16 in Axes
 11469 | D:11     | Noticed a brown ugly thing
 11478 | D:11     | Killed a brown ugly thing
 11889 | D:12     | Noticed a two-headed ogre
 11900 | D:12     | Killed a two-headed ogre
 12000 | D:12     | Reached skill level 17 in Axes
 12000 | D:12     | Gained mutation: You have razor-sharp toenails. [demonic
                  | ancestry]
 12000 | D:12     | Reached XP level 12. HP: 72/81 MP: 12/12
 12059 | D:12     | Found Kuonkus's Assorted Antiques.
 12073 | D:12     | Bought a scroll of identify for 70 gold pieces
 12168 | D:12     | Noticed a two-headed ogre
 12169 | D:12     | Noticed a two-headed ogre
 12182 | D:12     | Reached ****** piety under Trog
 12185 | D:12     | Received a gift from Trog
 12187 | D:12     | Killed a two-headed ogre
 12205 | D:12     | Noticed a two-headed ogre
 12207 | D:12     | Noticed an ogre mage
 12208 | D:12     | Noticed a two-headed ogre
 12214 | D:12     | Killed a two-headed ogre
 12214 | D:12     | Noticed a two-headed ogre
 12216 | D:12     | Noticed a two-headed ogre
 12370 | D:12     | Noticed a two-headed ogre
 12377 | D:12     | Killed a two-headed ogre
 12666 | D:12     | Got a pitted hand axe {god gift}
 12684 | D:12     | Killed a two-headed ogre
 12746 | D:12     | Killed an ogre mage
 12746 | D:12     | Reached skill level 18 in Axes
 12746 | D:12     | Killed a two-headed ogre
 12750 | D:12     | Killed a two-headed ogre
 12759 | D:12     | Killed a two-headed ogre
 12814 | D:12     | Found Vofuumad's Weapon Emporium.
 12894 | D:12     | Found Gypno's Assorted Antiques.
 12919 | D:12     | Bought a potion of heal wounds for 120 gold pieces
 12921 | D:12     | Found Citsugis's Assorted Antiques.
 13433 | D:13     | Noticed a centaur warrior
 13440 | D:13     | Killed a centaur warrior
 13654 | D:13     | Gained mutation: You have claws for feet. [demonic
                  | ancestry]
 13654 | D:13     | Reached XP level 13. HP: 81/86 MP: 13/13
 13758 | D:13     | Reached skill level 19 in Axes
 13809 | D:13     | Received a gift from Trog
 13842 | D:13     | Found a gate to the Vaults.
 14159 | D:13     | Noticed Urug
 14167 | D:13     | Killed Urug
 14351 | D:13     | Noticed Josephine
 14366 | D:13     | Killed Josephine
 14551 | D:13     | Found a radiant altar of Vehumet.
 14620 | D:13     | Paralysed by a hornet for 2 turns
 14956 | D:14     | Reached skill level 20 in Axes
 15085 | D:14     | Noticed Frances
 15094 | D:14     | Killed Frances
 15121 | D:14     | Found a runed translucent door.
 15193 | D:14     | Found a runed translucent door.
 15209 | D:14     | Noticed Jorgrun
 15219 | D:14     | Identified the cursed ring of Foolhardiness {rN++ Str+4
                  | Int-4 Dex+4 Stlth-}
 15224 | D:14     | Killed Jorgrun
 15228 | D:14     | Mangled by a manticore

Illustrated notes

Levels and vault maps discovered:
D:1:      dpeg_arrival_simpleton_c, layout_rooms, minmay_misc_feat_more_columns
D:2:      layout_basic, chequers_ecumenical_altar_grove,
          chequers_decorated_corner, hex_medium, uniq_crazy_yiuf_cottage,
          uniq_sigmund, uniq_terence
D:3:      layout_basic, st_stairs_13, minmay_misc_feat_x, elyvilon_altar_5,
          uniq_natasha
D:4:      minmay_angry_zag, layout_gridville, serial_shops, shop,
          minmay_misc_feat_secret_circle, corexii_item_surrounded_by_moat
D:5:      cheibrodos_two_vegetables, layout_cave_pools, kennysheep_mini_moat,
          serial_shops, nicolae_shop_competitors_out_of_business, basic_altar,
          first_ration, grunt_decor_fettered
D:6:      layout_cave_pods, minmay_temple_entry_slanted,
          chequers_serial_rivers_micro_c
D:7:      layout_basic, fedhas_altar_2
D:8:      layout_basic, ebering_ghost_xom, basic_altar, the_bakery
D:9:      layout_stronghold, dpeg_oklobed_lair, erik_orc_1,
          minmay_mirror_moons_of_madness, uniq_maggie
D:10:     layout_roguey [special_room_bee], serial_shops,
          nicolae_shop_behind_doors, serial_aquarium, aquarium_bridge_square
          [aquarium_subvault_wall, aquarium_subvault_wall,
          aquarium_subvault_bridge, aquarium_subvault_balcony],
          aquarium_window_fake, aquarium_window_1, aquarium_view_2d,
          aquarium_pool_four
D:11:     layout_loops_corners, serial_shops, shop, dk_noncrumbling_3,
          kennysheep_path_1
D:12:     layout_cave_pods, serial_shops, nicolae_shop_overgrown_old_shop,
          nicolae_shop_overgrown_old_shop, shop, nicolae_shop_window_shopping
D:13:     layout_loops_cross, grunt_vaults_entry_tiered, basic_altar,
          enter_bailey_3, uniq_josephine, uniq_urug
D:14:     minmay_the_grid_triangle_9x9_line_8_mashed
          [minmay_the_grid_triangle_9x9_limited_checkers,
          minmay_the_grid_triangle_9x9_warning,
          minmay_the_grid_triangle_9x9_zippers_horizontal,
          minmay_the_grid_triangle_9x9_negative_grid,
          minmay_the_grid_triangle_9x9_odd_lines,
          minmay_the_grid_triangle_9x9_tough_junction,
          minmay_the_grid_triangle_9x9_corruption,
          minmay_the_grid_triangle_9x9_prize_schism], layout_loops_ring,
          minmay_crystal_water, uniq_jorgrun, uniq_frances

Skill      XL: |  1  2  3  4  5  6  7  8  9 10 11 12 13 |
---------------+----------------------------------------+-----
Axes           | 3 4 5 6 7 9 11 13 15 17 18 20 | 20.4
Fighting       | |  3.0
Armour         | |  1.7
Dodging        | |  1.7

Action                   |  1- 3 |  4- 6 |  7- 9 | 10-12 | 13-15 || total
-------------------------+-------+-------+-------+-------+-------++-------
Melee: Hand axe          |   105 |   102 |   237 |       |       ||   444
       Kick              |       |       |    35 |   109 |    61 ||   205
       Broad axe         |       |       |       |   453 |   180 ||   633
Invok: Berserk           |     2 |     4 |     4 |    17 |     9 ||    36
  Use: Scroll            |       |     7 |     4 |    15 |     2 ||    28
       Potion            |       |       |       |     3 |     1 ||     4
 Stab: Sleeping          |     1 |       |       |       |       ||     1
  Eat: Chunk             |     3 |     8 |    14 |    29 |    10 ||    64
       Ration            |       |     1 |     2 |     1 |     1 ||     5
Armor: Animal skin       |    21 |       |       |       |       ||    21
       Chain mail        |       |    28 |       |       |       ||    28
       Scale mail        |       |     5 |    83 |   195 |    65 ||   348
Dodge: Dodged            |    82 |    29 |    86 |   185 |    63 ||   445

Table legend:
 A = Non-vault XP
 B = Vault XP
 C = Vault XP percentage of total XP
 D = Non-vault monster count
 E = Vault monster count
 F = Vault count percentage of total count
                 A         B        C        D         E       F
            +---------+---------+-------+---------+---------+-------
      Total |   40806 |   21318 |  34.3 |     340 |     107 |  23.9
            +---------+---------+-------+---------+---------+-------
        D:1 |      41 |       0 |   0.0 |      27 |       0 |   0.0
        D:2 |      47 |     307 |  86.7 |      18 |       3 |  14.3
        D:3 |     198 |      39 |  16.5 |      24 |       3 |  11.1
        D:4 |     481 |      66 |  12.1 |      21 |       4 |  16.0
        D:5 |     413 |     224 |  35.2 |      10 |       3 |  23.1
        D:6 |     401 |       0 |   0.0 |      10 |       0 |   0.0
        D:7 |     578 |       0 |   0.0 |       9 |       0 |   0.0
        D:8 |    2075 |     224 |   9.7 |      28 |       1 |   3.4
        D:9 |    3677 |    1784 |  32.7 |      35 |      24 |  40.7
       D:10 |    2656 |    1939 |  42.2 |      25 |      27 |  51.9
       D:11 |    5276 |       0 |   0.0 |      37 |       0 |   0.0
       D:12 |   13484 |       0 |   0.0 |      52 |       0 |   0.0
       D:13 |    8703 |   10818 |  55.4 |      36 |      35 |  49.3
       D:14 |    2776 |    5917 |  68.1 |       8 |       7 |  46.7
            +---------+---------+-------+---------+---------+-------
